 Dungeon Crawl Stone Soup version 0.16-a0-3641-g71d4c1b (webtiles) character file.

747 PollenGolem the Ducker (level 7, 0/61 HPs)
             Began as a Minotaur Gladiator on May 6, 2015.
             Slain by a hound (1 damage)
             ... on level 7 of the Dungeon.
             The game lasted 00:27:30 (5550 turns).

PollenGolem the Ducker (Minotaur Gladiator)         Turns: 5550, Time: 00:27:30

Health: 0/61       AC:  8    Str: 19    XL:     7   Next: 48%
Magic:  3/3        EV: 14    Int:  5    God:
Gold:   236        SH:  0    Dex: 13    Spells: 0 memorised, 6 levels left

rFire  . . .     SeeInvis .     a - +0 quarterstaff
rCold  . . .     Clarity  .     y - +0 ring mail {rPois}
rNeg   . . .     SustAb   .     (no shield)
rPois  +         Gourm    .     c - +0 hat
rElec  .         Spirit   .     r - +0 cloak
rCorr  .         Warding  .     q - +0 pair of gloves
rMut   .         Stasis   .     (no boots)
MR     .....                    (no amulet)
Stlth  +.........               (no ring)
                                (no ring)

@: not resistant to hostile enchantments, very unstealthy
A: retaliatory headbutt, horns 2
a: no special abilities


You were on level 7 of the Dungeon.
You were not hungry.

You visited 1 branch of the dungeon, and saw 7 of its levels.

You collected 236 gold pieces.

Inventory:

Hand weapons
 a - a +0 quarterstaff (weapon)
 d - a +0 blowgun
 j - a +1 short sword of flaming
 w - a +0 hunting sling
 I - a +0 shortbow
Missiles
 g - 10 poisoned needles
 p - 11 tomahawks (quivered)
 s - 8 javelins
 E - 3 throwing nets
Armour
 b - a +0 leather armour
 c - a +0 hat (worn)
 k - a +0 hat
 m - a +0 buckler
 o - a +0 scale mail
 q - a +0 pair of gloves (worn)
 r - a +0 cloak (worn)
 x - a +0 ring mail
 y - a +0 ring mail of poison resistance (worn)
 F - a +0 cloak
 L - a +2 robe of magic resistance
 S - a +0 pair of gloves
Jewellery
 h - a cursed -2 ring of evasion {unknown}
 v - an uncursed amulet of faith {unknown}
 B - an uncursed amulet of stasis {unknown}
 Q - an uncursed ring of positive energy {unknown}
Magical devices
 t - a wand of magic darts (13)
 u - a wand of fire (11)
 M - a wand of hasting (2)
 R - a wand of cold (3)
Scrolls
 e - 6 scrolls of identify
 l - a scroll of remove curse
 n - a scroll of enchant weapon {unknown}
 z - a scroll of teleportation
 A - a scroll of enchant armour {unknown}
 J - a scroll of fear {unknown}
 K - 2 scrolls of random uselessness {unknown}
Potions
 i - 3 potions of curing
 C - a potion of experience {unknown}
 H - a potion of brilliance {unknown}
 O - 2 potions of heal wounds
Books
 N - a book of Ice

   Spells                             Type                      Level
   a - Ice Form                       Ice/Transmutation            4
   b - Metabolic Englaciation         Hexes/Ice                    5
   c - Ozocubu's Refrigeration        Ice                          6
   d - Bolt of Cold                   Conjuration/Ice              6
   e - Freezing Cloud                 Conjuration/Ice/Air          6
   f - Simulacrum                     Ice/Necromancy               6
Comestibles
 f - 5 bread rations
 D - 2 meat rations
 G - 2 fruits


   Skills:
 - Level 5.0 Fighting
 * Level 4.4 Staves
 - Level 2.0 Throwing
 * Level 4.7 Armour
 - Level 7.1 Dodging
 + Level 0.6 Evocations


You had 6 spell levels left.
You didn't know any spells.

Dungeon Overview and Level Annotations

Branches:
Dungeon (7/15)
 Temple: D:4-7

Altars:
Ashenzari
Dithmenos
Gozag
Makhleb
Ru
Vehumet


Innate Abilities, Weirdness & Mutations

You reflexively headbutt those who attack you in melee.
You have a pair of horns on your head.


Message History

The orc priest glows brightly for a moment.
The orc wizard gestures wildly while chanting.
The orc wizard seems to speed up.
The hound bites you but does no damage.
There is a stone staircase leading down here.
The orc wizard gestures at you while chanting.
The magic dart hits you!
* * * LOW HITPOINT WARNING * * *
The hound bites you but does no damage.
The orc wizard gestures at you while chanting.
The magic dart hits you!
* * * LOW HITPOINT WARNING * * *
You climb downwards.
There is a stone staircase leading up here.
You hit the hound.
The hound is lightly wounded.
The hound bites you.
* * * LOW HITPOINT WARNING * * *
The hound bites you.
You die...

#.# #.# # ##
#####.##### #. ..
...#.#... .
##.###.#.#.# .#
####^.........###.#
..................#
#########.#h....###
####.#@[...####
#......[......#
#.####........# ### #.#
##.).>.##.####.## #.#
#...#####..##.#.##
########### #......#.#
##.###.#.#_##
#..##...##
#..#.#.#.#.8###.####.##
##............).# #.#


You could see a hound.

Vanquished Creatures
  A centaur (D:5)
  Sigmund (D:6)
  2 scorpions
  3 orc priests
  3 orc wizards
  An iguana (D:5)
  A worker ant (D:3)
  A worker ant zombie (D:5)
  6 gnolls
  9 adders
  3 worms
  An adder skeleton (D:4)
  4 giant geckos
  18 orcs
  A ball python (D:5)
  4 bats
  A bat zombie (D:5)
  3 giant cockroaches
  9 hobgoblins
  A quokka (D:3)
  2 giant newts
  7 goblins
  2 jackal skeletons
  12 kobolds
  A quokka skeleton (D:6)
  14 rats
111 creatures vanquished.

Vanquished Creatures (others)
  An orc (D:6)
1 creature vanquished.

Grand Total: 112 creatures vanquished

Notes
Turn   | Place    | Note
--------------------------------------------------------------
     0 | D:1      | PollenGolem, the Minotaur Gladiator, began the quest for the Orb.
     0 | D:1      | Reached XP level 1. HP: 18/18 MP: 1/1
   270 | D:3      | Reached skill level 4 in Staves
   270 | D:3      | Reached XP level 2. HP: 19/25 MP: 1/1
   359 | D:3      | Reached XP level 3. HP: 26/30 MP: 2/2
   738 | D:4      | Found a shattered altar of Ashenzari.
   906 | D:4      | Noticed a scorpion
   915 | D:4      | Killed a scorpion
   915 | D:4      | Reached skill level 5 in Dodging
   915 | D:4      | Reached XP level 4. HP: 35/38 MP: 2/2
  1176 | D:3      | Reached XP level 5. HP: 28/46 MP: 2/2
  1438 | D:4      | Reached skill level 6 in Dodging
  1678 | D:5      | Entered Level 5 of the Dungeon
  1698 | D:5      | Noticed a centaur
  1884 | D:5      | Reached XP level 6. HP: 51/53 MP: 3/3
  2108 | D:5      | HP: 2/53 [poisoned by a scorpion]
  2116 | D:5      | HP: 2/53 [poisoned by a scorpion]
  2364 | D:5      | Killed a centaur
  2373 | D:5      | Noticed a phantom
  3892 | D:4      | Reached skill level 5 in Fighting
  3965 | D:5      | Noticed an ogre
  3995 | D:4      | Reached skill level 7 in Dodging
  4023 | D:5      | Reached skill level 1 in Armour
  4385 | D:5      | Found a burning altar of Makhleb.
  4405 | D:6      | Reached XP level 7. HP: 40/61 MP: 3/3
  4998 | D:6      | Noticed Sigmund
  5009 | D:6      | Killed Sigmund
  5404 | D:7      | Found a radiant altar of Vehumet.
  5407 | D:7      | Found an opulent altar of Gozag.
  5408 | D:7      | Found a shadowy altar of Dithmenos.
  5471 | D:6      | Found a sacrificial altar of Ru.
  5550 | D:7      | HP: 1/61 [hound (5)]
  5550 | D:7      | Slain by a hound

Action                   |  1- 3 |  4- 6 |  7- 9 || total
-------------------------+-------+-------+-------++-------
Melee: Quarterstaff      |    64 |   134 |    67 ||   265
Throw: Throwing net      |       |     3 |       ||     3
       Tomahawk          |       |     1 |       ||     1
Evoke: Wand              |       |     2 |       ||     2
  Use: Scroll            |       |     5 |       ||     5
       Potion            |       |     3 |       ||     3
  Eat: Chunk             |       |     9 |     4 ||    13
       Beef jerky        |       |     1 |       ||     1
